 Dungeon Crawl Stone Soup version 0.25-a0-1007-g10a8c3caa8 (webtiles) character file.

Game seed: 4310230812911582651, levelgen mode: deterministic

7 Esekla the Skirmisher (level 2, -16/25 HPs)
             Began as a Formicid Abyssal Knight on May 11, 2020.
             Was a Follower of Lugonu.
             Demolished by a small abomination (17 damage)
             ... on level 2 of the Abyss.
             The game lasted 00:00:57 (73 turns).

Esekla the Skirmisher (Formicid Abyssal Knight)       Turns: 73, Time: 00:00:58

Health: -16/25     AC:  3    Str: 16    XL:     2   Next: 10%
Magic:  3/3        EV: 11    Int: 11    God:    Lugonu [*.....]
Gold:   0          SH:  0    Dex: 10    Spells: 1/1 levels left

rFire    . . .     SeeInvis +   a - +1 falchion
rCold    . . .     Gourm    .   (no shield)
rNeg     . . .     Faith    .   b - +0 leather armour
rPois    .         Spirit   .   (helmet unavailable)
rElec    .         Reflect  .   (no cloak)
rCorr    .         Harm     .   (no gloves)
MR       .....                  (no boots)
Stlth    +.........             (no amulet)
HPRegen  0.08/turn              (no ring)
MPRegen  0.08/turn              (no ring)

@: no status effects
A: permanent stasis, dig shafts and tunnels, four strong arms, antennae 3
a: Dig, Shaft Self, Depart the Abyss, Renounce Religion


You were on level 2 of the Abyss.
You worshipped Lugonu.
Lugonu was aware of your devotion.
You were not hungry.

You visited 0 branches of the dungeon, and saw 0 of its levels.
You visited the Abyss 1 time.

Inventory:

Hand Weapons
 a - a +1 falchion (weapon)
Armour
 b - a +0 leather armour (worn)
Scrolls
 d - a scroll of identify {unknown}
Comestibles
 c - a ration


   Skills:
 * Level 3.7 Fighting
 * Level 2.1 Long Blades
 + Level 2.2 Armour
 + Level 0.8 Dodging
 + Level 2.2 Invocations


You had one spell level left.
You didn't know any spells.
Your spell library was empty.

Dungeon Overview and Level Annotations

Branches:
Dungeon (0/15)

Altars:


Innate Abilities, Weirdness & Mutations

You cannot be hasted, slowed, berserked, paralysed or teleported.
You can dig through walls and to a lower floor.
Your four strong arms can wield two-handed weapons with a shield.
You have a pair of large antennae on your head. (SInv)


Message History

The shadow imp shouts, "Bolt, thou frothy mumble-news hugger-mugger!"
The shadow imp barely misses you.
You closely miss the shadow imp.
The shadow imp is almost dead.
The shadow imp hits you.
You hit the shadow imp.
The shadow imp is almost dead.
The shadow imp barely misses you.
You hit the shadow imp.
You kill the shadow imp!
You have reached level 2!
A small abomination comes into view.
Found a gateway leading deeper into the Abyss.
The small abomination hits you! The small abomination hits you!
Ouch! That really hurt!
* * * LOW HITPOINT WARNING * * *
The small abomination hits you!
Ouch! That really hurt!
You die...

...# . #........
#.. #.## # ...#
#...#..##.#...
#.....#...#..###
#.#......#. #
#...#..#.## .
.#####...#.### .#
#........#.#..#..#
##..#..##..x@....#
#..
#.#...##......#
#.....#. ##..#..##
...#.#.# ##.....#
...##.#.## .#...#
##.# .##. ..###≈.
. .. .# .## . # ..
.. #. #.. .


You could see a small abomination.

Vanquished Creatures
  A shadow imp (Abyss:2)
1 creature vanquished.

Notes
Turn   | Place    | Note
-------+----------+-------------------------------------------
     0 | Abyss:1  | Esekla the Formicid Abyssal Knight began the quest for the
                  | Orb.
     0 | Abyss:1  | Reached XP level 1. HP: 18/18 MP: 2/2
    28 | Abyss:2  | Noticed a large abomination
    52 | Abyss:2  | Reached XP level 2. HP: 22/25 MP: 3/3
    62 | Abyss:2  | Noticed a small abomination
    71 | Abyss:2  | HP: 1/25 [small abomination (16)]
    73 | Abyss:2  | Demolished by a small abomination

Illustrated notes

Levels and vault maps discovered:
Abyss:2:  hangedman_cross_veins

Action                   || total
-------------------------++-------
Melee: Falchion          ||     7
Armor: Leather armour    ||     2
Dodge: Dodged            ||     4

Table legend:
 A = Non-vault XP
 B = Vault XP
 C = Vault XP percentage of total XP
 D = Non-vault monster count
 E = Vault monster count
 F = Vault count percentage of total count
                 A         B        C        D         E       F
            +---------+---------+-------+---------+---------+-------
      Total |      11 |       0 |   0.0 |       1 |       0 |   0.0
            +---------+---------+-------+---------+---------+-------
    Abyss:2 |      11 |       0 |   0.0 |       1 |       0 |   0.0
            +---------+---------+-------+---------+---------+-------
